Map: Inside and Out

Players

bill - Winner!

  • Race: Zerg Zerg
  • League: Diamond
  • Spawn Location: 1:00

Table

  • Race: Protoss Protoss
  • League: Diamond
  • Spawn Location: 7:00

VOD

Have the link to the VOD?

Description

Time

  • Played on: Sept. 15, 2022, 9:36 a.m.
  • Length: 15:40
Show
View Real Time Build Order
Export as new Build Order

bill Zerg - Winner!

Build Orders: Pool First, Roach Hydra 

Get SALT Encoding   

  12  0:02  Drone  
  13  0:12  Overlord  
  13  0:18  Drone  
  14  0:30  Drone x2  
  14  0:34  Drone  
  17  0:46  Spawning Pool  
  17  0:48  Drone  
  17  1:09  Hatchery  
  16  1:13  Drone, Extractor  
  16  1:20  Drone x2  
  18  1:28  Drone  
  19  1:37  Queen  
  21  1:40  Zergling x2  
  22  1:50  Overlord  
  22  2:18  Zergling x2  
  22  2:19  Zergling x2, Metabolic Boost  
  24  2:27  Queen x2  
  24  2:28  Drone x2  
  30  2:32  Drone  
  30  2:33  Drone  
  32  2:43  Overlord  
  32  2:47  Drone  
  33  2:57  Drone x2  
  35  3:06  Drone, Lair  
  35  3:07  Drone  
  37  3:24  Drone x2  
  37  3:25  Roach Warren  
  38  3:34  Overlord  
  38  3:36  Drone x2  
  38  3:37  Drone  
  38  3:38  Overlord  
  38  3:39  Overlord  
  40  3:46  Overlord  
  40  3:58  Hatchery  
  40  4:00  Zergling x10  
  44  4:24  Spore Crawler  
  44  4:26  Drone  
  44  4:27  Drone x4  
  48  4:32  Spore Crawler  
  47  4:42  Drone x2  
  47  4:43  Drone  
  49  4:45  Drone  
  49  4:46  Drone x2  
  49  4:47  Drone  
  49  4:48  Glial Reconstitution  
  53  5:04  Drone x2  
  53  5:05  Drone, Extractor  
  53  5:06  Overlord x2  
  54  5:14  Drone x2, Extractor  
  54  5:15  Drone  
  54  5:19  Evolution Chamber x2  
  54  5:22  Hydralisk Den, Drone x3, Extractor  
  54  5:23  Zergling x2  
  56  5:33  Drone x3  
  56  5:34  Overlord x2  
  59  5:36  Roach x3  
  59  5:40  Roach  
  67  5:47  Queen  
  69  5:50  Drone  
  69  6:09  Roach x9  
  69  6:10  Overlord x2  
  87  6:13  Spore Crawler  
  86  6:34  Overlord  
  86  6:35  Overlord  
  86  6:37  Hydralisk x6  
  98  6:40  Grooved Spines  
  98  6:49  Zerg Ground Armor Level 1  
  98  6:55  Zerg Missile Weapons Level 1  
  98  6:57  Zergling x16  
  106  7:07  Hydralisk x2  
  110  7:12  Overlord  
  110  7:13  Overlord  
  110  7:14  Overlord  
  110  7:15  Hydralisk  
  110  7:16  Hydralisk  
  110  7:17  Zergling x2  
  115  7:40  Drone x9  
  124  7:52  Muscular Augments  
  124  8:00  Roach x7, Hydralisk x3  
  138  8:13  Roach x4  
  138  8:14  Roach x3  
  138  8:17  Overlord x2  
  138  8:19  Drone  
  153  8:40  Zergling x8  
  157  8:50  Hatchery  
  156  8:57  Drone x4  
  156  9:01  Zerg Missile Weapons Level 2  
  156  9:02  Roach  
  166  9:03  Roach x3  
  166  9:05  Overlord x3  
  168  9:20  Roach  
  167  9:25  Drone  
  167  9:26  Drone  
  165  9:33  Roach x6, Hydralisk x5  
  182  9:40  Zergling x6  
  185  9:51  Overlord x2  
  185  9:57  Zerg Ground Armor Level 2  
  185  10:04  Drone x2, Extractor  
  185  10:05  Drone, Extractor  
  185  10:06  Drone x3  
  189  10:10  Zergling x12  
  195  10:16  Queen  
  195  10:18  Zergling x4  
  199  10:24  Overlord  
  194  10:59  Roach x4  
  197  11:12  Roach x2  
  197  11:17  Hydralisk x5  
  200  11:24  Roach x2, Hydralisk x8  
  200  11:25  Roach x4  
  186  11:31  Hydralisk x3  
  184  11:38  Roach  
  174  11:43  Hydralisk x4  
  168  11:47  Pneumatized Carapace  
  164  12:01  Hydralisk  
  164  12:02  Hydralisk x5  
  158  12:11  Roach, Hydralisk x2  
  158  12:14  Hydralisk x3  
  170  12:22  Hydralisk x4  
  178  12:31  Overlord  
  178  12:32  Hydralisk  
  178  12:33  Hydralisk x2  
  185  12:44  Zergling x14  
  185  12:49  Hydralisk x2  
  195  13:01  Drone  
  196  13:06  Hydralisk x2  
  200  13:22  Overseer  
  200  13:32  Overlord x2  
  200  13:38  Hatchery  
  192  13:51  Hydralisk x11  
  184  13:56  Hydralisk x10  
  190  14:04  Hydralisk x5  
  188  14:10  Hydralisk x8  
  188  14:15  Hydralisk x2  
  188  14:22  Hydralisk  
  188  14:23  Hydralisk  
  186  14:27  Hydralisk  
  186  14:28  Hydralisk  
  180  14:33  Zergling x16  
  180  14:34  Zergling x8  
  188  14:43  Zergling x6  
  167  14:47  Hydralisk x5  
  177  14:55  Zergling x8  
  179  15:01  Zergling x10  
  179  15:04  Hydralisk  
  179  15:06  Roach  
  173  15:09  Hydralisk  
  173  15:12  Hydralisk x3  
Show
View Real Time Build Order
Export as new Build Order

Table Protoss 

Build Orders: 1 Gate Expand, Oracle Opening, Carriers 

Get SALT Encoding   

  12  0:00  Probe  
  13  0:12  Probe  
  14  0:19  Pylon  
  14  0:24  Probe  
  15  0:37  Probe (Chrono Boost)  
  15  0:39  Gateway  
  16  0:49  Assimilator  
  17  0:50  Probe (Chrono Boost)  
  17  0:56  Probe (Chrono Boost)  
  18  1:20  Nexus  
  18  1:32  Cybernetics Core  
  18  1:34  Probe  
  19  1:43  Zealot  
  21  1:49  Pylon  
  21  1:54  Probe  
  22  2:05  Assimilator  
  22  2:06  Probe  
  23  2:18  Zealot  
  24  2:35  Stargate  
  24  2:40  Shield Battery  
  24  2:43  Probe x2 (Chrono Boost)  
  26  2:51  Warp Gate  
  26  2:55  Probe (Chrono Boost)  
  26  2:57  Probe (Chrono Boost)  
  28  3:03  Adept  
  28  3:05  Probe (Chrono Boost)  
  32  3:06  Probe (Chrono Boost)  
  32  3:10  Probe (Chrono Boost)  
  32  3:12  Probe (Chrono Boost)  
  34  3:19  Oracle (Chrono Boost)  
  34  3:21  Probe (Chrono Boost)  
  34  3:26  Probe (Chrono Boost)  
  39  3:27  Probe (Chrono Boost)  
  39  3:33  Probe  
  41  3:35  Probe  
  42  3:46  Probe  
  43  3:58  Nexus  
  43  4:00  Pylon  
  43  4:10  Twilight Council  
  43  4:16  Probe x2  
  45  4:18  Forge  
  45  4:28  Probe x2  
  47  4:32  Gateway  
  47  4:33  Gateway  
  47  4:34  Assimilator  
  47  4:41  Adept  
  47  4:46  Blink (Chrono Boost)  
  47  4:47  Shield Battery  
  47  4:53  Probe  
  47  4:57  Protoss Ground Weapons Level 1  
  48  5:01  Gateway x2  
  48  5:05  Probe  
  47  5:09  Probe x2  
  47  5:11  Pylon  
  49  5:15  Oracle  
  49  5:17  Probe  
  49  5:19  Stalker  
  49  5:21  Probe x2  
  56  5:27  Stalker  
  59  5:35  Probe  
  60  5:36  Probe x2  
  62  5:47  Probe  
  62  5:48  Probe x2  
  65  5:54  Stalker x3  
  71  5:59  Probe  
  71  6:00  Probe  
  73  6:07  Stalker x2  
  77  6:15  Pylon  
  77  6:17  Pylon  
  77  6:19  Pylon  
  77  6:24  Photon Cannon  
  77  6:30  Photon Cannon  
  77  6:33  Probe  
  77  6:36  Pylon  
  77  6:38  Pylon  
  78  6:42  Templar Archives  
  78  6:44  Assimilator  
  78  6:47  Probe  
  78  6:48  Assimilator  
  78  6:49  Stalker  
  78  6:50  Assimilator  
  78  6:54  Pylon  
  81  6:56  Charge (Chrono Boost), Pylon  
  81  7:00  Probe  
  82  7:03  Zealot x4  
  82  7:06  Probe  
  91  7:10  Gateway  
  91  7:11  Gateway  
  91  7:12  Probe  
  91  7:14  Gateway  
  92  7:15  Gateway  
  92  7:25  Protoss Ground Weapons Level 2  
  92  7:27  Zealot  
  92  7:28  Zealot x4  
  92  7:29  Probe x3  
  105  7:38  Psionic Storm  
  105  7:41  Probe x3  
  108  7:50  Adept  
  110  7:53  Probe  
  110  8:14  Fleet Beacon, Nexus  
  110  8:16  Probe, Assimilator, High Templar  
  113  8:21  Assimilator  
  113  8:22  Pylon x2  
  113  8:23  Pylon  
  113  8:25  Probe x2, Pylon  
  115  8:29  Protoss Air Weapons Level 1  
  115  8:54  Zealot x2  
  115  8:55  Zealot x7  
  133  9:05  Stargate  
  133  9:07  Stargate  
  133  9:10  Stargate  
  133  9:15  Zealot x8  
  133  9:16  Zealot  
  120  9:44  High Templar x3  
  122  9:46  Zealot x6  
  122  9:50  Probe x3  
  122  9:51  Probe  
  138  10:03  Probe  
  139  10:08  Carrier (Chrono Boost)  
  139  10:09  Carrier x2 (Chrono Boost)  
  157  10:26  Probe x2  
  159  10:28  Shield Battery  
  159  10:29  Shield Battery  
  159  10:33  Photon Cannon  
  159  10:36  Photon Cannon, Carrier (Chrono Boost)  
  159  10:37  Photon Cannon  
  159  10:39  Photon Cannon  
  159  10:41  Shield Battery  
  165  10:44  Shield Battery  
  165  10:48  Shield Battery  
  163  10:53  Zealot x3  
  169  10:57  Adept  
  177  11:08  Carrier (Chrono Boost)  
  177  11:09  Carrier (Chrono Boost)  
  177  11:11  Pylon  
  175  11:12  Pylon  
  175  11:15  Pylon  
  133  11:25  Archon  
  133  11:27  Zealot x3  
  133  11:28  Zealot x6  
  133  11:40  Carrier (Chrono Boost)  
  127  11:51  Zealot x2  
  127  11:52  Zealot  
  139  11:54  Carrier (Chrono Boost), Sentry  
  139  11:56  Sentry  
  139  11:59  High Templar x3  
  149  12:12  Probe  
  149  12:13  Probe x2  
  149  12:14  Probe  
  153  12:22  Robotics Facility  
  153  12:24  Probe  
  153  12:26  Carrier  
  160  12:43  High Templar x2  
  164  12:47  Zealot x3  
  164  12:51  Nexus  
  170  12:53  Assimilator  
  170  12:55  Assimilator  
  170  12:59  Pylon  
  170  13:01  Pylon  
  170  13:02  Cybernetics Core  
  170  13:08  Gateway  
  170  13:09  Gateway  
  170  13:15  Observer (Chrono Boost)  
  170  13:17  Protoss Air Weapons Level 2  
  170  13:19  High Templar x2  
  175  13:28  Photon Cannon  
  175  13:29  Observer (Chrono Boost), Photon Cannon  
  175  13:30  Photon Cannon  
  175  13:33  Photon Cannon  
  175  13:34  Photon Cannon  
  176  13:35  Shield Battery  
  176  13:37  Shield Battery  
  158  14:10  High Templar  
  158  14:11  High Templar x6  
  158  14:16  Archon x3  
  164  14:32  Zealot x4  
  156  14:57  Archon x3  
  156  14:59  Zealot x10  
  156  15:14  Zealot  
  156  15:19  Zealot x5  
  156  15:20  Zealot x5  
  97  15:35  Zealot  
Tags
 
Add a new tag
Caveats
  • Supply blocks, unpowered buildings, or Contaminate may cause inaccurate times.
  • Supply counts are checked every 10 seconds.